 Dungeon Crawl Stone Soup version 0.26.0-91-g99b343417d (webtiles) character file.

Game seed: 14105171455133887284

58 PentaManta the Ruffian (level 3, 0/36 HPs)
             Began as a Troll Abyssal Knight on Feb 3, 2021.
             Was a Believer of Lugonu.
             Slain by a gnoll
             ... wielding a +0 halberd
              (10 damage)
             ... on level 2 of the Dungeon.
             The game lasted 00:02:12 (1263 turns).

PentaManta the Ruffian (Troll Abyssal Knight)       Turns: 1263, Time: 00:02:13

Health: 0/36       AC:  6    Str: 21    XL:     3   Next: 75%
Magic:  3/3        EV: 10    Int:  8    God:    Lugonu [**....]
Gold:   94         SH:  0    Dex:  9    Spells: 2/2 levels left

rFire    . . .     SeeInvis .     - Unarmed
rCold    . . .     Faith    .   (no shield)
rNeg     . . .     Spirit   .   a - +0 robe
rPois    .         Reflect  .   (helmet restricted)
rElec    .         Harm     .   (no cloak)
rCorr    .         Rampage  .   (gloves unavailable)
Will     .....                  (boots unavailable)
Stlth    +.........             (no amulet)
HPRegen  0.52/turn              (no ring)
MPRegen  0.08/turn              (no ring)

@: no status effects
A: large, unfitting armour, claws 3, regeneration 1, shaggy fur 1, tough skin 3
a: Renounce Religion, Depart the Abyss, Bend Space


You were on level 2 of the Dungeon.
You worshipped Lugonu.
Lugonu was pleased with you.
You visited 1 branch of the dungeon, and saw 2 of its levels.
You visited the Abyss 1 time.

You collected 94 gold pieces.

Inventory:

Missiles
 b - 10 poisoned darts
Armour
 a - a +0 robe (worn)
Wands
 j - a wand of enslavement (9)
Scrolls
 g - a scroll of magic mapping {unknown}
 h - a scroll of identify {unknown}
 i - a scroll of enchant weapon {unknown}
Potions
 c - 2 potions of lignification {unknown}
 d - a potion of heal wounds {unknown}
 e - a potion of degeneration {unknown}
 f - a potion of magic {unknown}


   Skills:
 - Level 2.4 Fighting
 - Level 1.9 Dodging
 + Level 4.1 Unarmed Combat
 - Level 1.5 Invocations


You had 2 spell levels left.
You didn't know any spells.
Your spell library was empty.

Dungeon Overview and Level Annotations

Branches:
Dungeon (2/15)

Altars:
Uskayaw


Innate Abilities, Weirdness & Mutations

You are too large for most types of armour.
You have claws for hands.
Your natural rate of healing is unusually fast.
You are covered in fur. (AC +1)
You have extremely tough skin. (AC +3)


Message History

You are too injured to fight recklessly!
You are too injured to fight recklessly!
You are too injured to fight recklessly!
You are too injured to fight recklessly!
You are too injured to fight recklessly!
You are too injured to fight recklessly!
You are too injured to fight recklessly!
You are too injured to fight recklessly!
You are too injured to fight recklessly!
You are too injured to fight recklessly!
You are too injured to fight recklessly!
You are too injured to fight recklessly!
You are too injured to fight recklessly!
Unknown command.
You barely miss the gnoll.
The gnoll is almost dead.
The gnoll hits you with a +0 spear.
* * * LOW HITPOINT WARNING * * *
The gnoll hits you from afar with a +0 halberd!
You die...

#.# #.# ..#
#.# #.#
###########.#
#ggg@.......#
#.########..#
... ##.#.##
#.. #.###.#
#.# ##.#.##
#.# ##.## #.#
#.# #.##.#
#.# #.##.#
#.#


You could see 3 gnolls.

Vanquished Creatures
  An ooze (D:2)
  4 dart slugs (D:1)
  3 giant cockroaches
  4 hobgoblins
  4 jackals (D:1)
  3 bats
  2 frilled lizards (D:1)
  7 goblins
  8 kobolds (D:1)
  8 rats (D:1)
44 creatures vanquished.

Notes
Turn   | Place    | Note
-------+----------+-------------------------------------------
     0 | Abyss:1  | PentaManta the Troll Abyssal Knight began the quest for the
                  | Orb.
     0 | Abyss:1  | Reached XP level 1. HP: 22/22 MP: 1/1
   111 | Abyss:1  | Noticed a wretched star
   142 | Abyss:1  | Found a corrupted altar of Lugonu.
   147 | Abyss:1  | Noticed a large abomination
   174 | D:1      | Escaped the Abyss
   392 | D:1      | Reached * piety under Lugonu
   393 | D:1      | Reached XP level 2. HP: 29/29 MP: 2/2
   427 | D:1      | Reached skill level 3 in Unarmed Combat
   627 | D:1      | Reached XP level 3. HP: 36/36 MP: 3/3
  1069 | D:2      | Noticed a -1 hand axe
  1070 | D:2      | Noticed a +0 dagger
  1071 | D:2      | Found a hide-covered altar of Uskayaw.
  1077 | D:2      | Reached ** piety under Lugonu
  1085 | D:2      | Reached skill level 4 in Unarmed Combat
  1263 | D:2      | Slain by a gnoll

Illustrated notes

Levels and vault maps discovered:
D:1:      kennysheep_arrival_forest, layout_basic, grunt_decor_one_mirror,
          st_stairs_11
D:2:      layout_loops_ring, dancing_weapons_uskayaw

Skill      XL: |  1  2  3 |
---------------+----------+-----
Unarmed Combat | 3 4 |  4.1
Fighting       | |  2.4
Dodging        | |  1.9
Invocations    | |  1.5

Action                   || total
-------------------------++-------
Melee: Unarmed           ||   123
Invok: Depart the Abyss  ||     1
  Use: Potion            ||     1
Armor: Robe              ||    52
Dodge: Dodged            ||    86
